 Dungeon Crawl Stone Soup version 0.21.1-1-g345015f (webtiles) character file.

154 RipGuy the Cudgeler (level 5, 0/32 HPs)
             Began as a Gargoyle Berserker on Apr 30, 2018.
             Was a Believer of Trog.
             Slain by Pikel
             ... wielding a +0 whip of flaming
              (3 damage)
             ... on level 6 of the Dungeon.
             The game lasted 00:06:03 (2529 turns).

RipGuy the Cudgeler (Gargoyle Berserker)            Turns: 2529, Time: 00:06:04

Health: 0/32       AC: 16    Str: 21    XL:     5   Next: 35%
Magic:  5/5        EV:  5    Int:  8    God:    Trog [**....]
Gold:   72         SH:  3    Dex:  9    Spells: 4/4 levels left

rFire    . . .     SeeInvis .   o - +0 mace (drain)
rCold    . . .     Gourm    .   h - +0 buckler
rNeg     + . .     Faith    +   d - +0 plate armour
rPois    ∞         Spirit   .   (no helmet)
rElec    +         Reflect  .   p - +0 cloak
rCorr    .         Harm     .   (no gloves)
MR       .....                  (no boots)
Stlth    ..........             r - amulet of faith
HPRegen  0.10/turn              (no ring)
MPRegen  0.09/turn              (no ring)

@: about to teleport, berserk cooldown, slowed, very slow
A: negative energy resistance 1, electricity resistance, unbreathing,
petrification resistance, rot immunity, AC +4
a: Berserk, Trog's Hand, Burn Spellbooks, Renounce Religion


You were on level 6 of the Dungeon.
You worshipped Trog.
Trog was pleased with you.
You were very hungry.

You visited 1 branch of the dungeon, and saw 4 of its levels.

You collected 72 gold pieces.

Inventory:

Hand Weapons
 a - a +0 mace
 c - a +3 quarterstaff of chaos
 n - a +0 mace of venom
 o - a +0 mace of draining (weapon)
Armour
 b - a +0 animal skin
 d - a +0 plate armour (worn)
 h - a +0 buckler (worn)
 p - a +0 cloak (worn)
Jewellery
 m - an uncursed ring of resist corrosion
 r - an amulet of faith (around neck)
Scrolls
 e - a scroll of enchant armour {unknown}
 f - 4 scrolls of identify
 g - 2 scrolls of teleportation
 i - a scroll of enchant weapon {unknown}
 j - a scroll of remove curse {unknown}
 k - a scroll of fog {unknown}
 l - 2 scrolls of noise {unknown}


   Skills:
 - Level 3.3 Fighting
 + Level 5.8 Maces & Flails
 - Level 2.1 Armour
 - Level 1.5 Dodging
 + Level 0.4 Shields


You had 4 spell levels left.
You didn't know any spells.

Dungeon Overview and Level Annotations

Branches:
Dungeon (3/15)

Altars:

Annotations:
D:6 Pikel


Innate Abilities, Weirdness & Mutations

You are resistant to torment.
Your stone body is resilient. (AC +4)
You are immune to poison.
You resist negative energy. (rN+)
You are resistant to electric shocks. (rElec)
You can survive without breathing.
You are immune to petrification.
You are immune to rotting.


Message History

Something shocks the withered plant.
The bullfrog zombie hits the withered plant but does no damage.
The orc priest hits the withered plant but does no damage.
Pikel waves his whip at you.
The bullfrog zombie hits the withered plant but does no damage.
The bullfrog zombie hits the withered plant.
The orc priest hits the withered plant but does no damage.
Pikel barely misses you.
The bullfrog zombie hits the withered plant!
The orc priest mumbles some strange prayers to Beogh against you.
Beogh smites you!
Ouch! That really hurt!
* * * LOW HITPOINT WARNING * * *
The slave hits the withered plant.
Pikel completely misses you.
The slave hits the withered plant.
The slave hits the withered plant but does no damage.
The slave hits the withered plant.
As you read the scroll of teleportation, it crumbles to dust.
You feel strangely unstable. Pikel hits you with a whip of flaming.
You die...

#. ##P.P....#
##.###..P..p..# .
#........PPp#.##
.>####......PP..o#..#
......#.##.#.#.#.##
.............pZ#.####
..####.##.##...Z{.....#
#
#..<.......#####K#.####
.##
######.##.......@#.#
#.#### #. #..####..#.#
##.##.# #.
#..####..#.#####.)##.#
#.
#....................#
#.
#.#####..#.###########
## ### ##.#.# #####


You could see Pikel, an orc warrior, 3 slaves, a leopard gecko zombie and a
bullfrog zombie.

Vanquished Creatures
  A slave (D:6)
  A centaur skeleton (D:6)
  Crazy Yiuf (D:2)
  3 adders
  An ooze (D:2)
  An adder zombie (D:6)
  An adder skeleton (D:6)
  3 dart slugs
  2 leopard geckos
  3 orcs (D:6)
  A ball python (D:2)
  5 giant cockroaches
  7 goblins
  3 hobgoblins
  5 bats (D:1)
  3 frilled lizards
  2 kobolds (D:1)
  A leopard gecko zombie (D:6)
  7 rats
51 creatures vanquished.

Notes
Turn   | Place    | Note
-------+----------+-------------------------------------------
     0 | D:1      | RipGuy the Gargoyle Berserker began the quest for the Orb.
     0 | D:1      | Reached XP level 1. HP: 14/14 MP: 1/1
     7 | D:1      | Noticed a polar bear
     7 | D:1      | Noticed a lindwurm
     7 | D:1      | Noticed a hound
     7 | D:1      | Noticed an anaconda
   338 | D:1      | Reached XP level 2. HP: 19/19 MP: 2/2
   607 | D:1      | Reached ** piety under Trog
   698 | D:1      | Reached skill level 4 in Maces & Flails
   699 | D:1      | Reached XP level 3. HP: 23/23 MP: 3/3
  1789 | D:2      | Reached XP level 4. HP: 28/28 MP: 4/4
  1898 | D:2      | Found a runed door.
  2114 | D:2      | Noticed Crazy Yiuf
  2118 | D:2      | Killed Crazy Yiuf
  2118 | D:2      | Reached skill level 5 in Maces & Flails
  2358 | D:3      | You fall through a shaft for 3 floors!
  2440 | D:6      | Reached XP level 5. HP: 28/32 MP: 5/5
  2487 | D:6      | Noticed an orc warrior
  2491 | D:6      | Noticed a slave
  2503 | D:6      | Noticed a sky beast
  2504 | D:6      | Noticed Pikel
  2506 | D:6      | Killed a slave
  2515 | D:6      | Noticed a slave
  2519 | D:6      | Noticed a slave
  2520 | D:6      | Noticed a slave
  2529 | D:6      | Slain by Pikel

Skill      XL: |  1  2  3  4 |
---------------+-------------+-----
Maces & Flails | 4 5 |  5.8
Fighting       | |  3.3
Armour         | |  2.1
Dodging        | |  1.5
Shields        | |  0.4

Action                   |  1- 3 |  4- 6 || total
-------------------------+-------+-------++-------
Melee: Mace              |    99 |    81 ||   180
Invok: Berserk           |       |     2 ||     2
  Use: Scroll            |     4 |     1 ||     5
  Eat: Ration            |     1 |       ||     1
       Chunk             |       |     3 ||     3
Armor: Plate armour      |   105 |    89 ||   194
Dodge: Dodged            |    37 |    27 ||    64
Block: Buckler           |     6 |    14 ||    20
